[Event "ICCopen2017"]
[Site "Internet Chess Club"]
[Date "2017.03.25"]
[Round "9"]
[White "TricksOnly"]
[Black "Atomrod"]
[Result "1-0"]
[ICCResult "Black forfeits on time"]
[WhiteElo "2102"]
[BlackElo "2309"]
[Opening "Caro-Kann: two knights, 3...Bg4"]
[ECO "B11"]
[NIC "CK.01"]
[Time "15:45:55"]
[TimeControl "180+0"]

1. e4 c6 2. Nc3 d5 3. Nf3 Bg4 4. h3 Bxf3 5. Qxf3 Nf6 6. d3 e6 7. Qg3 g6 8.
Be2 Bg7 9. O-O O-O 10. Kh1 Nbd7 11. f4 Re8 12. Bd2 Nc5 13. e5 Nfd7 14. d4
Ne4 15. Nxe4 dxe4 16. c4 c5 17. d5 Nb6 18. d6 Qd7 19. Qe3 f5 20. Qxc5 Rac8
21. Qd4 Qc6 22. b3 Nd7 23. Be3 b6 24. Rfc1 Red8 25. b4 Qa4 26. Qb2 g5 27. g3
Kh8 28. Qb3 Qc6 29. c5 bxc5 30. Qxe6 gxf4 31. gxf4 Rf8 32. bxc5 Rce8 33. Qb3
Nxe5 34. fxe5 f4 35. Bb5 Qa8 36. Bxe8 Qxe8 37. Qd1 fxe3 38. Qg4 Bxe5 39. d7
Qd8 40. c6 Bc7 41. Rf1 Rg8 42. Qxe4 e2 43. Qd4+ Rg7 44. Rg1
{Black forfeits on time}
1-0

[Event "ICCopen2017"]
[Site "Internet Chess Club"]
[Date "2017.03.25"]
[Round "9"]
[White "Spirals"]
[Black "AAlekin28"]
[Result "0-1"]
[ICCResult "White resigns"]
[WhiteElo "2198"]
[BlackElo "2612"]
[Opening "Sicilian: closed"]
[ECO "B23"]
[NIC "SI.44"]
[Time "15:45:47"]
[TimeControl "180+0"]

1. e4 c5 2. Nc3 d6 3. g3 Nc6 4. Bg2 g6 5. Nf3 Bg7 6. O-O e6 7. d3 Nge7 8.
Be3 O-O 9. d4 cxd4 10. Nxd4 a6 11. f4 Nxd4 12. Bxd4 e5 13. fxe5 Nc6 14. Be3
Nxe5 15. Nd5 Be6 16. Kh1 Nc4 17. Bd4 Nxb2 18. Bxb2 Bxb2 19. Rb1 Be5 20. Rxb7
Qa5 21. Qb1 Kg7 22. c4 Rac8 23. Rc1 h6 24. Rb3 Qd2 25. Rd3 Qa5 26. Rb3 Rc5
27. a3 Rfc8 28. Qd3 Qd8 29. Rbb1 R5c6 30. Qe3 Rc5 31. Nf4 Bxc4 32. Nd5 Bxd5
33. Rxc5 Rxc5 34. exd5 Qd7 35. Rf1 Qc7 36. Qf3 Rc3 37. Qe4 Rxa3 38. Qb4 Rc3
39. Qa4 a5 40. Qe8 Bf6 41. Qe1 a4 42. Qf2 Qe7 43. Qf4 a3 44. Qa4 Qe3
{White resigns}
0-1

[Event "ICCopen2017"]
[Site "Internet Chess Club"]
[Date "2017.03.25"]
[Round "9"]
[White "leonardoalmeida"]
[Black "Piranha"]
[Result "1-0"]
[ICCResult "Black forfeits on time"]
[WhiteElo "1916"]
[BlackElo "1674"]
[Opening "Van't Kruijs opening"]
[ECO "A00"]
[Time "15:45:42"]
[TimeControl "180+0"]

1. e3 e5 2. b3 d5 3. Qh5 Bd6 4. Bb2 Qe7 5. Nc3 c6 6. a3 Nf6 7. Qg5 O-O 8. f3
Nbd7 9. Be2 Re8 10. Nh3 Nf8 11. Qg3 d4 12. Nb1 c5 13. O-O Bd7 14. a4 Bc6 15.
Na3 a6 16. Nc4 b5 17. Nxd6 Qxd6 18. axb5 axb5 19. Nf2 Ne6 20. Ne4 Nxe4 21.
fxe4 Rxa1 22. Rxa1 Ra8 23. Rxa8+ Bxa8 24. Bxb5 Bxe4 25. exd4 Nxd4 26. Qe3
Bxc2 27. Bc4 Kf8 28. h3 f6 29. Qc3 Bxb3 30. Kf2 Bxc4 31. Qxc4 Nf5 32. Bc3
Nd4 33. Qa6 Kf7 34. Qb7+ Kg6 35. Qe4+ f5 36. Qd3 Qd5 37. Qa6+ Kg5 38. Qc8
Kf4 39. Qf8 {Black forfeits on time} 1-0

[Event "ICCopen2017"]
[Site "Internet Chess Club"]
[Date "2017.03.25"]
[Round "9"]
[White "ZavenGrozny"]
[Black "Darnoc"]
[Result "1-0"]
[ICCResult "Black resigns"]
[WhiteElo "3116"]
[BlackElo "2902"]
[Opening "French: King's Indian attack"]
[ECO "C00"]
[NIC "FR.02"]
[Time "15:45:38"]
[TimeControl "180+0"]

1. e4 e6 2. d3 d5 3. Nd2 Bd6 4. Ngf3 c5 5. g3 Nc6 6. Bg2 Nge7 7. O-O O-O 8.
Re1 Qc7 9. Qe2 f6 10. h4 Bd7 11. Nf1 d4 12. h5 b5 13. N1h2 e5 14. Nh4 Be6
15. Rf1 c4 16. f4 exf4 17. gxf4 Rac8 18. Ng4 Kh8 19. f5 Bf7 20. h6 g5 21.
fxg6 Nxg6 22. Nxg6+ Bxg6 23. Nxf6 Qe7 24. Bh3 Rb8 25. Bg5 c3 26. b3 Be5 27.
Qf2 Rf7 28. Qh4 Rbf8 29. Ng4 Qd6 30. Nxe5 Qxe5 31. Rxf7 Rxf7 32. Rf1 Kg8 33.
Bf4 Qe8 34. Kh2 Ne5 35. Qg3 Qf8 36. Be6 Qe7 37. Bxf7+ Nxf7 38. Qg4 Qd8 39.
e5 Qe8 40. e6 Nd8 41. Bd6 {Black resigns} 1-0

[Event "ICCopen2017"]
[Site "Internet Chess Club"]
[Date "2017.03.25"]
[Round "9"]
[White "PeterOsgood"]
[Black "Massada"]
[Result "1-0"]
[ICCResult "Black forfeits on time"]
[WhiteElo "1796"]
[BlackElo "1501"]
[Opening "QGD: Tarrasch, Prague variation"]
[ECO "D33"]
[NIC "TD.09"]
[Time "15:45:17"]
[TimeControl "180+0"]

1. d4 d5 2. c4 e6 3. Nc3 c5 4. cxd5 exd5 5. Nf3 Nc6 6. g3 Nf6 7. Bg2 Be6 8.
O-O h6 9. b3 cxd4 10. Nxd4 Bb4 11. Bb2 O-O 12. Rc1 Rc8 13. Nxc6 Rxc6 14. Nb5
Rxc1 15. Qxc1 a6 16. Nd4 Qd7 17. a3 Be7 18. Qd2 Bh3 19. Rc1 Bxg2 20. Kxg2
Ne4 21. Qf4 Bf6 22. Rd1 Rc8 23. f3 Nc5 24. Qd2 Bg5 25. e3 Qe8 26. Nf5 g6 27.
Qd4 f6 28. Nd6 Bxe3 29. Qxd5+ {Black forfeits on time} 1-0

[Event "ICCopen2017"]
[Site "Internet Chess Club"]
[Date "2017.03.25"]
[Round "9"]
[White "Persi"]
[Black "oscarshe"]
[Result "0-1"]
[ICCResult "White forfeits on time"]
[WhiteElo "1199"]
[BlackElo "1368"]
[Opening "Sicilian: Nimzovich-Rossolimo attack (without ...d6)"]
[ECO "B30"]
[NIC "SI.31"]
[Time "15:45:17"]
[TimeControl "180+0"]

1. e4 c5 2. Nf3 Nc6 3. Bb5 d6 4. d4 cxd4 5. Nxd4 Bd7 6. O-O Nf6 7. Nc3 Nxd4
8. Bxd7+ Qxd7 9. Qxd4 e6 10. Bg5 Be7 11. Rad1 O-O 12. Bxf6 Bxf6 13. Qxd6
Qxd6 14. Rxd6 Rfd8 15. Rfd1 Kf8 16. Nb5 a6 17. Nc3 Ke7 18. Rxd8 Rxd8 19.
Rxd8 Kxd8 20. f4 Kc7 21. e5 Be7 22. Kf2 Kc6 23. Ke3 Kc5 24. Ne4+ Kd5 25. b3
b5 26. Nc3+ Kc5 27. Ke4 Kb4 28. Kd3 Bc5 29. a4 bxa4 30. Nxa4 Bg1 31. h3 Bh2
32. Ke4 Kb5 33. g4 Bg1 34. Nc3+ Kb4 35. Ne2 Bc5 36. f5 Be7 37. fxe6 fxe6 38.
Kd3 Kc5 39. Nf4 g6 40. Nxe6+ Kd5 41. Nc7+ Kxe5 42. Nxa6 Kf4 43. c4 Kg3 44.
Ke3 Kxh3 45. Kf3 h5 46. gxh5 gxh5 47. c5 Kh2 48. c6 Bd6 49. c7 Bxc7 50. Nxc7
h4 51. b4 h3 {White forfeits on time} 0-1

[Event "ICCopen2017"]
[Site "Internet Chess Club"]
[Date "2017.03.25"]
[Round "9"]
[White "fishbein"]
[Black "Falstaf"]
[Result "1-0"]
[ICCResult "Black checkmated"]
[WhiteElo "2669"]
[BlackElo "2847"]
[Opening "Scotch gambit: Dubois-Réti defense"]
[ECO "C55"]
[NIC "KP.02"]
[Time "15:45:26"]
[TimeControl "180+0"]

1. e4 e5 2. Nf3 Nc6 3. d4 exd4 4. Bc4 Nf6 5. e5 Ne4 6. Qe2 Nc5 7. c3 d3 8.
Qe3 Be7 9. O-O O-O 10. b4 Ne6 11. Qxd3 d6 12. exd6 Qxd6 13. Qc2 Nf4 14. Nbd2
Qg6 15. Qxg6 Nxg6 16. Ne4 Bf5 17. Ng3 Bg4 18. Be3 Bxf3 19. gxf3 Bf6 20. Ne4
Be5 21. Bd5 Nge7 22. Bb3 Ng6 23. Rad1 h6 24. Rd7 Nb8 25. Rd2 Nc6 26. Rfd1
Rae8 27. Rd7 Nb8 28. R7d2 b6 29. Ba4 Re7 30. Rd8 Kh7 31. Rxf8 Nxf8 32. Rd8
Nbd7 33. f4 Bd6 34. Nxd6 cxd6 35. Ra8 a5 36. Ra7 axb4 37. cxb4 g6 38. Kg2 d5
39. Bxb6 Re6 40. Bd4 Rd6 41. Bxd7 Nxd7 42. b5 g5 43. a4 gxf4 44. a5 Kg6 45.
b6 Nb8 46. b7 Nc6 47. Ra6 Rd7 48. Rxc6+ Kf5 49. Rb6 Rxb7 50. Rxb7 f6 51. Rf7
Ke4 52. Rxf6 Kxd4 53. Rxf4+ Kc5 54. Rf6 Kb5 55. a6 Kc5 56. a7 Kd4 57. a8=Q
Ke5 58. Rf5+ Kd4 59. Qxd5+ Kc3 60. Rf3+ Kc2 61. Qd3+ Kb2 62. Qc3+ Kb1 63.
Qd2 Ka1 64. Re3 Kb1 65. Re1# {Black checkmated} 1-0

[Event "ICCopen2017"]
[Site "Internet Chess Club"]
[Date "2017.03.25"]
[Round "9"]
[White "nikenwidiartto"]
[Black "gladiator46"]
[Result "1-0"]
[ICCResult "Black forfeits on time"]
[WhiteElo "1821"]
[BlackElo "1573"]
[Opening "Caro-Kann: exchange variation"]
[ECO "B13"]
[NIC "CK.02"]
[Time "15:45:57"]
[TimeControl "180+0"]

1. e4 c6 2. d4 d5 3. exd5 cxd5 4. Bd3 Nf6 5. c3 e6 6. Bf4 Be7 7. Nf3 O-O 8.
O-O Nc6 9. Re1 a6 10. Nbd2 b5 11. a3 Na5 12. Ne5 Nc4 13. Nc6 Qd7 14. Nxe7+
Qxe7 15. Nxc4 bxc4 16. Bc2 Qb7 17. Rb1 h6 18. Be5 Qe7 19. Qf3 Bb7 20. Bxf6
Qxf6 21. Qxf6 gxf6 22. f4 Kg7 23. Kf2 f5 24. Kf3 h5 25. g3 Kf6 26. Re2 Rg8
27. Rg1 Rg7 28. Bd1 Rag8 29. Reg2 Ke7 30. Kf2 Rh7 31. Ke3 Bc6 32. Kd2 Rb8
33. Ke3 Kd6 34. h3 f6 35. Rf1 e5 36. fxe5+ fxe5 37. Rxf5 exd4+ 38. Kxd4 h4
39. g4 Re8 40. Re2 Rhe7 41. Rf6+ Kd7 42. Rxe7+ Rxe7 43. Rh6 Re4+ 44. Kc5 Bb7
45. Ba4+ Kd8 46. Rxh4 Re7 47. Kd6 Rf7 48. Rh8+ {Black forfeits on time} 1-0

[Event "ICCopen2017"]
[Site "Internet Chess Club"]
[Date "2017.03.25"]
[Round "9"]
[White "nmd"]
[Black "jjn"]
[Result "0-1"]
[ICCResult "White forfeits on time"]
[WhiteElo "1554"]
[BlackElo "1717"]
[Opening "French: advance, Paulsen attack"]
[ECO "C02"]
[NIC "FR.03"]
[Time "15:45:12"]
[TimeControl "180+0"]

1. e4 e6 2. d4 d5 3. e5 c5 4. c3 Nc6 5. Nf3 Qb6 6. a3 Bd7 7. b4 cxd4 8. cxd4
Rc8 9. Bb2 Nge7 10. Bd3 Nf5 11. Bxf5 exf5 12. O-O Be6 13. Nc3 a5 14. Na4 Qc7
15. b5 Nd8 16. Rc1 Qd7 17. Nb6 Rxc1 18. Qxc1 Qxb5 19. Na8 Qc4 20. Qd2 Nc6
21. Nc7+ Kd7 22. Nxe6 fxe6 23. Rc1 Qb5 24. Rb1 Bxa3 25. Qc2 Bb4 26. Bc3 Rc8
27. Qd2 h6 28. Bxb4 Nxb4 29. h3 Qc4 30. Kh2 Rc7 31. Qd1 Qc2 32. Qe1 Nd3 33.
Qf1 Nxf2 34. Qb5+ Kd8 35. Nh4 Ne4 36. Ng6 Qc6 37. Qxa5 Qc3 38. Qb5 Qg3+ 39.
Kg1 Qxg6 40. Qb6 Qe8 41. Rc1 Qd7 42. Rb1 Qc6 43. Qa7 Kd7 44. Qa2 Qc2 45. Qa1
Qf2+ 46. Kh1 Ng3+ 47. Kh2 Ne4 48. Rb2 Qf4+ 49. Kg1 Ng3 50. Qb1 Qxd4+ 51. Kh2
Ne4 52. h4 Ke7 53. Re2 Kf7 54. h5 f4 {White forfeits on time} 0-1

[Event "ICCopen2017"]
[Site "Internet Chess Club"]
[Date "2017.03.25"]
[Round "9"]
[White "bythebook"]
[Black "checkum"]
[Result "0-1"]
[ICCResult "White forfeits on time"]
[WhiteElo "1505"]
[BlackElo "1352"]
[Opening "Ruy Lopez: classical (Cordel) defense"]
[ECO "C64"]
[NIC "RL.01"]
[Time "15:45:36"]
[TimeControl "180+0"]

1. e4 e5 2. Nf3 Nc6 3. Bb5 Bc5 4. O-O d6 5. c3 Bd7 6. d4 exd4 7. cxd4 Bb6 8.
Nc3 Nge7 9. d5 Nb8 10. Bd3 O-O 11. h3 Ng6 12. a4 a6 13. b4 Nh4 14. a5 Nxf3+
15. Qxf3 Bd4 16. Bd2 Qf6 17. Qxf6 Bxf6 18. Rac1 c6 19. Ne2 Be5 20. f4 Bf6
21. g4 Bh4 22. Kg2 g5 23. f5 f6 24. Nd4 Kg7 25. Bc3 cxd5 26. exd5 Re8 27.
Bb2 Bc8 28. Rc7+ Kf8 29. Rxh7 Kg8 30. Rc7 Nd7 31. Ne6 Ne5 32. Be2 Bxe6 33.
fxe6 Rac8 34. Rfc1 Rxc7 35. Rxc7 Kf8 36. Bc3 Re7 37. Rc8+ Kg7 38. Bd1 Kg6
39. Bc2+ Kg7 40. Ba4 Nd3 41. Be8 Nf4+ 42. Kh2 Nxd5 {White forfeits on time}
0-1

[Event "ICCopen2017"]
[Site "Internet Chess Club"]
[Date "2017.03.25"]
[Round "9"]
[White "manusupergm2001"]
[Black "ArchieGoodwin"]
[Result "0-1"]
[ICCResult "White checkmated"]
[WhiteElo "2161"]
[BlackElo "2564"]
[Opening "Van't Kruijs opening"]
[ECO "A00"]
[Time "15:45:18"]
[TimeControl "180+0"]

1. e3 e5 2. d4 exd4 3. exd4 Nf6 4. Nf3 d5 5. h3 Bd6 6. Bd3 O-O 7. O-O h6 8.
Re1 Nc6 9. c3 Re8 10. Be3 Ne7 11. Qc2 Be6 12. Nbd2 Qc8 13. Bf1 Bf5 14. Qb3
c6 15. Ne5 Bh7 16. c4 a6 17. Rac1 Rb8 18. cxd5 Nexd5 19. Ndf3 Qd8 20. Bc4
Bf5 21. Qd1 Be6 22. Qd2 Bb4 23. Qd3 Bxe1 24. Rxe1 Nb4 25. Qb3 Bxc4 26. Qxc4
Nbd5 27. Bd2 Nd7 28. Rd1 Nxe5 29. Nxe5 Qd6 30. a3 f6 31. Nd3 Kh8 32. Nc5 Re7
33. f3 Rbe8 34. Ne4 Qd8 35. Nc5 Qd6 36. Ne4 Rxe4 37. fxe4 Rxe4 38. Qd3 Qe6
39. Kh2 Re2 40. Qg6 Qe4 41. Qxe4 Rxe4 42. Be1 Re2 43. Bc3 Rxg2+ 44. Kxg2
Ne3+ 45. Kf3 Nxd1 46. d5 Nxc3 47. d6 Nb5 48. d7 Nd4+ 49. Ke4 Ne6 50. Kf5 Nd8
51. b4 Kg8 52. Kg6 Kf8 53. a4 b6 54. h4 a5 55. bxa5 bxa5 56. Kh7 Kf7 57. h5
f5 58. Kh8 f4 59. Kh7 f3 60. Kh8 f2 61. Kh7 f1=Q 62. Kh8 Qf3 63. Kh7 Qxh5
64. Kh8 Qd5 65. Kh7 Qxd7 66. Kh8 Qe8+ 67. Kh7 Qg8# {White checkmated} 0-1

[Event "ICCopen2017"]
[Site "Internet Chess Club"]
[Date "2017.03.25"]
[Round "9"]
[White "PRAX"]
[Black "FreddieS"]
[Result "1-0"]
[ICCResult "Black forfeits on time"]
[WhiteElo "1584"]
[BlackElo "1291"]
[Opening "Queen's pawn game"]
[ECO "A46"]
[NIC "QP.06"]
[Time "15:45:14"]
[TimeControl "180+0"]

1. d4 Nf6 2. Nf3 e6 3. g3 d5 4. Bg2 c5 5. O-O cxd4 6. Nxd4 Nc6 7. c4 Bc5 8.
Nb3 Bb6 9. cxd5 Nxd5 10. Nc3 Nxc3 11. bxc3 Bd7 12. Ba3 Qf6 13. Qd2 O-O-O 14.
Rad1 Qe5 15. Bd6 Qb5 16. c4 Qh5 17. c5 Bc7 18. Qc2 Bxd6 19. cxd6 Qb5 20. Nd4
Qb6 21. Rc1 Kb8 22. Nxc6+ Bxc6 23. Bxc6 Rc8 24. Qe4 Rxc6 25. Rxc6 Qxc6 26.
Qxc6 bxc6 27. Rd1 Kc8 28. e4 Rd8 29. e5 f6 30. f4 fxe5 31. fxe5 Kd7 32. Kf2
a6 33. Ke3 Rb8 34. Kd4 Rb5 35. Ke4 Ra5 36. Rd2 Ra4+ 37. Kf3 h6 38. g4 Ra3+
39. Kf4 Ra4+ 40. Ke3 Ra3+ 41. Kd4 Ra4+ 42. Kc3 Ra5 43. Kb4 Rb5+ 44. Kc4 Ra5
45. Rb2 Rb5 46. Rxb5 axb5+ 47. Kc5 g5 48. a3 h5 49. gxh5 Kc8 50. h6 Kb7 51.
h7 Ka6 52. h8=Q Kb7 53. Qg7+ Ka6 54. Qe7 b4 55. Qc7 bxa3 56. Qxc6+
{Black forfeits on time}
1-0

[Event "ICCopen2017"]
[Site "Internet Chess Club"]
[Date "2017.03.25"]
[Round "9"]
[White "ural"]
[Black "UnderArmour"]
[Result "1-0"]
[ICCResult "Black checkmated"]
[WhiteElo "2368"]
[BlackElo "1953"]
[Opening "French: Chigorin variation"]
[ECO "C00"]
[NIC "FR.01"]
[Time "15:45:48"]
[TimeControl "180+0"]

1. e4 e6 2. Qe2 d5 3. exd5 Qxd5 4. Nc3 Qd8 5. Nf3 Nf6 6. d4 Bd6 7. Bg5 h6 8.
Bh4 c6 9. O-O-O Nbd7 10. Ne5 Qa5 11. Nc4 Qc7 12. Nxd6+ Qxd6 13. Bg3 Qb4 14.
a3 Qb6 15. Bd6 Qa6 16. Qxa6 bxa6 17. f3 Bb7 18. Na4 O-O-O 19. c4 Nb6 20.
Nxb6+ axb6 21. c5 b5 22. Be2 Ne8 23. Be5 f6 24. Bg3 Nc7 25. Rhe1 Rhe8 26.
Bd3 Rxd4 27. Bg6 Rxd1+ 28. Kxd1 Re7 29. Bd6 Rd7 30. Kc2 e5 31. Bf5 Kd8 32.
Bxd7 Kxd7 33. Bxc7 Kxc7 34. Rd1 Bc8 35. Rd6 Bf5+ 36. Kd2 a5 37. b4 a4 38.
Ke3 Bg6 39. f4 exf4+ 40. Kxf4 Bf7 41. h4 Bd5 42. g4 Bc4 43. Kf5 Bf7 44. g5
hxg5 45. hxg5 fxg5 46. Kxg5 Be8 47. Re6 Kd7 48. Kf5 Bf7 49. Rd6+ Kc7 50. Ke5
Be8 51. Ke6 g5 52. Ke7 Bh5 53. Rd7+ Kc8 54. Kd6 Bf3 55. Rg7 g4 56. Rg6 Kb7
57. Kd7 Be4 58. Rg7 Bf3 59. Kd8+ Kb8 60. Rg8 Bd5 61. Rxg4 Kb7 62. Rg7+ Kb8
63. Rd7 Be4 64. Rd6 Bd5 65. Rxd5 cxd5 66. c6 d4 67. c7+ Kb7 68. c8=Q+ Kb6
69. Qc7+ Ka6 70. Kc8 d3 71. Qb7# {Black checkmated} 1-0

[Event "ICCopen2017"]
[Site "Internet Chess Club"]
[Date "2017.03.25"]
[Round "9"]
[White "BMWHero"]
[Black "PazificDreams"]
[Result "1-0"]
[ICCResult "Black checkmated"]
[WhiteElo "2116"]
[BlackElo "2618"]
[Opening "Four knights game"]
[ECO "C47"]
[NIC "KP.06"]
[Time "15:45:20"]
[TimeControl "180+0"]

1. e4 e5 2. Nf3 Nc6 3. Nc3 Nf6 4. Be2 Bb4 5. Nd5 Ba5 6. c3 Bb6 7. d3 h6 8.
a4 a6 9. Nxb6 cxb6 10. h3 O-O 11. O-O d5 12. exd5 Nxd5 13. Re1 Re8 14. Bf1
Bf5 15. Qb3 Be6 16. Qc2 Qf6 17. Nh2 Qg6 18. g3 Rac8 19. Qd2 Nf4 20. h4 Rcd8
21. d4 Nh3+ 22. Bxh3 Bxh3 23. d5 Na5 24. Qd1 Qf5 25. b4 Nc4 26. Be3 e4 27.
Qd4 Qxd5 28. Qxd5 Rxd5 29. Bd4 f5 30. f3 Kf7 31. Kf2 g5 32. hxg5 hxg5 33.
fxe4 fxe4 34. g4 Rd6 35. Kg3 Rh6 36. Ra2 Ree6 37. Rf2+ Ke8 38. Rf5 Rh7 39.
Rxg5 Nd6 40. Re5 Rxe5 41. Bxe5 Nc4 42. Rxe4 Re7 43. Rxc4 Rxe5 44. Kxh3 Re3+
45. Kh4 Kd7 46. g5 b5 47. Ng4 Re1 48. Rd4+ Ke6 49. axb5 axb5 50. g6 Rh1+ 51.
Kg5 Rg1 52. Re4+ Kd7 53. g7 Kc6 54. g8=Q Kb6 55. Qc8 Ka7 56. Re7 Rxg4+ 57.
Kxg4 Ka6 58. Qxb7# {Black checkmated} 1-0

[Event "ICCopen2017"]
[Site "Internet Chess Club"]
[Date "2017.03.25"]
[Round "9"]
[White "Brothersinarms"]
[Black "CristianS"]
[Result "1-0"]
[ICCResult "Black forfeits on time"]
[WhiteElo "1859"]
[BlackElo "2105"]
[Opening "King's pawn opening"]
[ECO "B07"]
[NIC "VO.17"]
[Time "15:45:37"]
[TimeControl "180+0"]

1. e4 d6 2. d4 c6 3. Nc3 Nd7 4. Nf3 Qc7 5. Bc4 b5 6. Bxf7+ Kxf7 7. Ng5+ Ke8
8. Ne6 Qb8 9. O-O Ndf6 10. d5 Bxe6 11. dxe6 Qc8 12. Qf3 Qxe6 13. e5 dxe5 14.
Nxb5 Nd5 15. c4 cxb5 16. cxd5 Qd6 17. a3 Nf6 18. Bd2 a5 19. b4 e4 20. Qc3
axb4 21. axb4 Rxa1 22. Rxa1 Kf7 23. Bg5 Qxd5 24. h3 Qxg5 25. Qb3+ Qd5 26.
Qe3 Qd3 27. Qc5 Qd5 28. Qe3 g6 29. Rc1 Bg7 30. Rc5 Qd3 31. Qe1 Rd8 32. Kh2
Qd6+ 33. g3 Qd4 34. Rxb5 e3 35. fxe3 Qb2+ 36. Kh1 Rd2 37. Qf1 Qc2 38. Rc5
Qd3 39. Qxd3 Rxd3 40. Kg2 Rxe3 41. h4 Ne4 42. Rc8 Rxg3+ 43. Kf1 Bf6 44. b5
Bxh4 45. b6 Rf3+ 46. Kg2 Rf2+ 47. Kh3 g5 48. Rc3 h5 49. b7 Kg6 50. b8=Q
{Black forfeits on time}
1-0

[Event "ICCopen2017"]
[Site "Internet Chess Club"]
[Date "2017.03.25"]
[Round "9"]
[White "JRussell2"]
[Black "marcos610"]
[Result "1-0"]
[ICCResult "Black forfeits on time"]
[WhiteElo "1049"]
[BlackElo "1117"]
[Opening "Modern defense"]
[ECO "A40"]
[NIC "QO.17"]
[Time "15:45:45"]
[TimeControl "180+0"]

1. d4 g6 2. Nf3 Bg7 3. g3 b6 4. Bg2 Bb7 5. b3 d6 6. Bb2 Nf6 7. Nbd2 O-O 8.
O-O Nbd7 9. Re1 c5 10. e3 cxd4 11. exd4 Rc8 12. Rc1 e6 13. c4 d5 14. Qe2
dxc4 15. Nxc4 Nd5 16. Nfe5 N7f6 17. Bxd5 Nxd5 18. Ne3 Qf6 19. Nxd5 Bxd5 20.
Rxc8 Rxc8 21. Nd7 Qf5 22. Ne5 Rc2 23. Qf1 Rxb2 24. Re2 Rxe2 25. Qxe2 Bxe5
26. dxe5 Qb1+ 27. Qf1 Qxf1+ 28. Kxf1 Kf8 29. Ke2 Ke7 30. f4 Kd7 31. Kd3 Kc6
32. Kd4 Kb5 33. a3 a5 34. a4+ Kb4 35. g4 Kxb3 36. f5 Kxa4 37. fxg6 hxg6 38.
h4 b5 39. h5 gxh5 40. gxh5 b4 41. h6 b3 42. h7 b2 43. h8=Q b1=Q 44. Qe8+ Qb5
45. Qxf7 Qc4+ 46. Ke3 Qe4+ 47. Kf2 {Black forfeits on time} 1-0

[Event "ICCopen2017"]
[Site "Internet Chess Club"]
[Date "2017.03.25"]
[Round "9"]
[White "achessman"]
[Black "wagnerbi"]
[Result "1-0"]
[ICCResult "Black forfeits on time"]
[WhiteElo "1768"]
[BlackElo "1949"]
[Opening "Ruy Lopez: Worrall attack, solid line"]
[ECO "C86"]
[NIC "RL.13"]
[Time "15:45:23"]
[TimeControl "180+0"]

1. e4 e5 2. Nf3 Nc6 3. Bb5 a6 4. Ba4 Nf6 5. O-O Be7 6. Qe2 b5 7. Bb3 d6 8.
c3 O-O 9. Rd1 Na5 10. Bc2 c5 11. d4 exd4 12. cxd4 Qc7 13. e5 dxe5 14. dxe5
Nd7 15. Qe4 g6 16. Qxa8 Bb7 17. Qa7 Ra8 18. Qxa8+ Bxa8 19. Bf4 Qc6 20. Nc3
g5 21. Be4 Qc8 22. Bxa8 gxf4 23. Be4 Nc4 24. Nd5 Bf8 25. Bf5 Kh8 26. Nf6 Qb8
27. Nxd7 Qa8 28. Nxf8 Qxf8 29. Rd7 Nb6 30. Rd6 Nc4 31. Rd5 Nb6 32. Rd3 c4
33. Rd4 b4 34. Rad1 Kg7 35. Rxf4 Qc5 36. Rg4+ Kf8 37. Rd8+ Ke7 38. Rgd4 c3
39. bxc3 bxc3 40. Ne1 f6 41. Bc2 fxe5 42. Rd3 e4 43. Rd1 e3 44. fxe3 Qxe3+
45. Kh1 Qf2 46. Nf3 Qxc2 47. R8d3 {Black forfeits on time} 1-0

[Event "ICCopen2017"]
[Site "Internet Chess Club"]
[Date "2017.03.25"]
[Round "9"]
[White "Sibelephant"]
[Black "SPARNALIQ"]
[Result "1/2-1/2"]
[ICCResult "Black stalemated"]
[WhiteElo "3086"]
[BlackElo "3022"]
[Opening "Catalan: closed, 5.Nf3"]
[ECO "E06"]
[NIC "CA.04"]
[Time "15:45:20"]
[TimeControl "180+0"]

1. d4 d5 2. c4 e6 3. Nf3 Nf6 4. g3 Be7 5. Bg2 O-O 6. Qc2 b6 7. cxd5 exd5 8.
O-O Bb7 9. Nc3 c5 10. Rd1 c4 11. Ne5 Nc6 12. Bg5 Nb4 13. Qb1 Rc8 14. a3 Na6
15. Bxf6 Bxf6 16. e4 Bxe5 17. dxe5 d4 18. Nb5 d3 19. Nd6 Rc7 20. b3 cxb3 21.
Nxb7 Rxb7 22. Rxd3 Rd7 23. Rxd7 Qxd7 24. Qxb3 Qd4 25. Rd1 Qxe5 26. Qa4 Nc5
27. Qxa7 Qb2 28. Qc7 g6 29. h4 h5 30. e5 Qxa3 31. Qxb6 Ne6 32. Bh3 Re8 33.
Qc6 Qe7 34. Rd6 Nf8 35. e6 Nxe6 36. Bxe6 fxe6 37. Rd7 Qf6 38. Rd6 Rf8 39.
Qc2 Qf5 40. Qe2 Rf6 41. Kg2 Kg7 42. Qe3 e5 43. Rd5 Qc8 44. Rxe5 Qb7+ 45. Kh2
Rf7 46. Re6 Qb2 47. Kg1 Qa1+ 48. Kg2 Qa8+ 49. Re4 Qd5 50. f3 Qa2+ 51. Kh3
Qd5 52. Qc3+ Kh7 53. Qe3 Qf5+ 54. Kg2 Qd5 55. g4 Qa2+ 56. Kg3 hxg4 57. Rxg4
Qd5 58. Rg5 Qd6+ 59. f4 Qf6 60. h5 Rg7 61. Qe4 Kh6 62. Kh4 Rg8 63. hxg6 Rxg6
64. Qxg6+ Qxg6 65. Rxg6+ Kxg6 66. Kg4 Kf6 67. f5 Kf7 68. Kg5 Kg7 69. f6+ Kf7
70. Kf5 Kf8 71. Ke5 Kf7 72. Kf5 Kf8 73. Kg6 Kg8 74. f7+ Kf8 75. Kf6
{Black stalemated}
1/2-1/2

[Event "ICCopen2017"]
[Site "Internet Chess Club"]
[Date "2017.03.25"]
[Round "9"]
[White "Tasmaniandevil"]
[Black "Natik"]
[Result "0-1"]
[ICCResult "White checkmated"]
[WhiteElo "2023"]
[BlackElo "2422"]
[Opening "French: Winawer, advance, poisoned pawn variation"]
[ECO "C18"]
[NIC "FR.09"]
[Time "15:45:51"]
[TimeControl "180+0"]

1. e4 e6 2. d4 d5 3. Nc3 Bb4 4. e5 Ne7 5. a3 Bxc3+ 6. bxc3 c5 7. Qg4 cxd4 8.
cxd4 Qc7 9. Kd1 O-O 10. Bd3 b6 11. Nf3 Nf5 12. Rb1 Ba6 13. Bxf5 exf5 14.
Qxf5 Qc4 15. Re1 Nc6 16. Be3 Rac8 17. Rc1 Bb5 18. Ng5 g6 19. Qf6 Nxd4 20.
Nxh7 Nxc2 21. Bd2 Kxh7 22. Qg5 Qa4 23. Qh6+ Kg8 24. Bg5 Ne3+ 25. Kd2 Qd4#
{White checkmated}
0-1

[Event "ICCopen2017"]
[Site "Internet Chess Club"]
[Date "2017.03.25"]
[Round "9"]
[White "UAE2002"]
[Black "Aladdin"]
[Result "1-0"]
[ICCResult "Black checkmated"]
[WhiteElo "1993"]
[BlackElo "2269"]
[Opening "Queen's pawn: Torre attack"]
[ECO "A46"]
[NIC "QP.04"]
[Time "15:45:23"]
[TimeControl "180+0"]

1. d4 Nf6 2. Nf3 e6 3. Bg5 d5 4. Nbd2 h6 5. Bf4 Bd6 6. e3 b6 7. Bd3 Bb7 8.
c3 c5 9. Ne5 O-O 10. Ndf3 Nc6 11. h4 Ne4 12. g4 Qc7 13. g5 h5 14. g6 fxg6
15. Nxg6 Rf6 16. Nfe5 Bxe5 17. Nxe5 Raf8 18. Bxe4 dxe4 19. Qxh5 cxd4 20. Ng6
Rxf4 21. Qh8+ Kf7 22. Qxf8+ Kxg6 23. Rg1+ Kh7 24. Qxf4 Qxf4 25. exf4 d3 26.
Kd2 Ne7 27. Rae1 Nf5 28. Rg5 g6 29. h5 gxh5 30. Rxh5+ Kg6 31. Rg5+ Kf6 32.
Rg8 Bd5 33. b3 b5 34. Rb8 a6 35. Rc1 Nh4 36. c4 Nf3+ 37. Ke3 bxc4 38. bxc4
Bc6 39. Rb6 Bd7 40. Kxe4 d2 41. Rd1 Ne1 42. Rxd2 Ba4 43. Re2 Ng2 44. Kf3
Nh4+ 45. Kg4 Nf5 46. Rexe6+ Kf7 47. Kxf5 Bc2+ 48. Ke5 Ba4 49. f5 Bd7 50. Rb7
a5 51. Rxd7+ Kf8 52. Kd6 a4 53. Rh6 Kg8 54. f6 a3 55. f7+ Kf8 56. Rh8+ Kg7
57. f8=Q+ Kg6 58. Rg7# {Black checkmated} 1-0

[Event "ICCopen2017"]
[Site "Internet Chess Club"]
[Date "2017.03.25"]
[Round "9"]
[White "topotun"]
[Black "Lavrik87"]
[Result "0-1"]
[ICCResult "White forfeits on time"]
[WhiteElo "2844"]
[BlackElo "2199"]
[Opening "Alekhine's defense: exchange variation"]
[ECO "B03"]
[NIC "AL.08"]
[Time "15:46:07"]
[TimeControl "180+0"]

1. e4 Nf6 2. e5 Nd5 3. d4 d6 4. c4 Nb6 5. exd6 exd6 6. Nc3 Be7 7. Bd3 Nc6 8.
Nge2 O-O 9. O-O Bf6 10. b3 Re8 11. Be3 Bg4 12. Qd2 d5 13. c5 Nc8 14. Ng3
N8e7 15. h3 Be6 16. Nce2 g6 17. Rad1 Qd7 18. Bb1 Nf5 19. b4 a6 20. a4 a5 21.
b5 Nb4 22. Bf4 c6 23. b6 h5 24. Bg5 Bg7 25. Rfe1 f6 26. Bf4 h4 27. Nf1 g5
28. Be3 Re7 29. Nc3 Rae8 30. Re2 Nxe3 31. Nxe3 f5 32. Rde1 f4 33. Ng4 Bxg4
34. hxg4 Rxe2 35. Rxe2 Rxe2 36. Nxe2 Qxg4 37. f3 Qe6 38. Kf2 Bf6 39. Qc3 Kg7
40. Qd2 h3 41. gxh3 Qxh3 42. Qxf4 gxf4 43. Nxf4 Qh2+ {White forfeits on
time} 0-1